 Dungeon Crawl Stone Soup version 0.21.1-1-g345015fe64 (webtiles) character file.

12210 Delanovic the Corrupter of Planes (level 11, -2/87 HPs)
             Began as a Demonspawn Abyssal Knight on June 10, 2018.
             Was the Champion of Lugonu.
             Slain by a 15-headed hydra (6 damage)
             ... on level 11 of the Dungeon.
             The game lasted 00:35:36 (12354 turns).

Delanovic the Corrupter of Planes (DsAK)           Turns: 12354, Time: 00:35:38

Health: -2/87      AC: 13    Str: 16    XL:     11   Next: 59%
Magic:  0/18       EV: 14    Int: 13    God:    Lugonu [******]
Gold:   631        SH:  0    Dex: 13    Spells: 10/10 levels left

rFire    + . .     SeeInvis +   O - +5 war axe
rCold    . . .     Gourm    .   (no shield)
rNeg     . . .     Faith    .   B - +0 ring mail
rPois    .         Spirit   +   C - +2 helmet {SInv}
rElec    .         Reflect  .   n - +0 cloak
rCorr    .         Harm     .   b - +0 pair of gloves
MR       .....                  (no boots)
Stlth    ++........             I - amulet of guardian spirit
HPRegen  0.24/turn              h - ring of stealth
MPRegen  0.16/turn              G - ring of wizardry

@: no status effects
A: talons 2, icy blue scales 2, fire resistance 1, spiny 2, flame cloud immunity
a: Depart the Abyss, Bend Space, Banish, Corrupt, Enter the Abyss, Brand Weapon
With Distortion, Renounce Religion


You were on level 11 of the Dungeon.
You worshipped Lugonu.
Lugonu was exalted by your worship.
You were not hungry.

You visited 1 branch of the dungeon, and saw 11 of its levels.
You visited the Abyss 1 time.
You also visited: Sewer and Ossuary.

You collected 631 gold pieces.

Inventory:

Hand Weapons
 a - a +1 hand axe
 x - a +1 war axe of draining
 L - a +0 battleaxe
 O - a +5 war axe (weapon)
Armour
 b - a +0 pair of gloves (worn)
 n - a +0 cloak (worn)
 v - a cursed +0 plate armour
 B - a +0 ring mail (worn)
 C - a +2 helmet of see invisible (worn)
Jewellery
 h - a ring of stealth (left hand)
 F - the amulet "Wofrucs" {Inacc Str+3}
   (You found it on level 7 of the Dungeon)

   [amulet of inaccuracy]

   It reduces the accuracy of all your attacks.
   It affects your strength (+3).
 G - a ring of wizardry (right hand)
 H - a +4 amulet of reflection
 I - an amulet of guardian spirit (around neck)
Wands
 y - a wand of polymorph (24)
Scrolls
 d - 8 scrolls of teleportation
 e - 4 scrolls of blinking
 f - 5 scrolls of magic mapping
 g - 2 scrolls of enchant weapon {unknown}
 j - 3 scrolls of amnesia {unknown}
 k - a scroll of brand weapon {unknown}
 l - 2 scrolls of enchant armour {unknown}
 o - 13 scrolls of remove curse
 z - 5 scrolls of identify
 E - 4 scrolls of immolation
 J - a scroll of acquirement {unknown}
Potions
 m - 3 potions of curing
 p - 3 potions of ambrosia
 q - a potion of lignification
 r - a potion of flight {unknown}
 s - a potion of might
 t - a potion of haste {unknown}
 u - a potion of berserk rage
 A - a potion of brilliance
 D - 3 potions of invisibility
Books
 w - a book of Cantrips

   Spells                             Type                      Level
   a - Confusing Touch                Hexes                        1
   b - Animate Skeleton               Necromancy                   1
   c - Summon Small Mammal            Summoning                    1
   d - Apportation                    Translocation                1
 N - a book of Beasts

   Spells                             Type                      Level
   a - Summon Butterflies             Summoning                    1
   b - Call Canine Familiar           Summoning                    3
   c - Summon Ice Beast               Ice/Summoning                4
   d - Summon Mana Viper              Hexes/Summoning              5
   e - Summon Hydra                   Summoning                    7
Comestibles
 c - 17 rations


   Skills:
 + Level 8.8 Fighting
 + Level 9.1 Axes
 + Level 7.0 Throwing
 + Level 2.4 Armour
 + Level 7.3 Dodging
 + Level 10.4 Invocations


You had 10 spell levels left.
You didn't know any spells.

Dungeon Overview and Level Annotations

Branches:
Dungeon (11/15)            Temple (0/1) D:5            Lair (0/6) D:9
    Orc (0/2) D:9

Altars:
Ashenzari
Fedhas
Nemelex Xobeh
Qazlal
Ru
Sif Muna
Yredelemnul


Innate Abilities, Weirdness & Mutations

You have razor-sharp toenails.
You are mostly covered in icy blue scales. (AC +3)
Your flesh is heat resistant. (rF+)
You are mostly covered in sharp spines.
You are immune to clouds of flame.


Message History

You claw the 14-headed hydra.
The 14-headed hydra is almost dead.
You hit the vampire but do no damage.
You feel less confused.
The 14-headed hydra struggles against the net.
The vampire barely misses you. x2
You lop one of the 14-headed hydra's heads off!
The 13-headed hydra grows two more!
You slash the 15-headed hydra!
The 15-headed hydra is severely wounded.
You hit the vampire.
The 15-headed hydra struggles against the net.
The net rips apart, and the 15-headed hydra comes free!
The vampire hits you.
* * * LOW HITPOINT WARNING * * *
The vampire bites you!
* * * LOW HITPOINT WARNING * * *
The vampire draws strength from your injuries!
The 15-headed hydra is struck by your spines.
The 15-headed hydra closely misses you. The 15-headed hydra bites you!
You die...

.....# #....#. ....# #....#.
...# ..######. ..# ......>..
#(# #######... #(# #.....#..#
#.#######.#.....#..#
#.(.......#.....#..#
#(V@########....#..#
#.#D#.#.####....#..#
+#########(..#.#.#ยง####'##..#
.........(...'.#.#'##........
.........(.#.#.)....#........
.......V...#(#.#.#..#######..
.........(.##########.....#..
...........######.#.......#..
................>.#.......#..


You could see a 15-headed hydra and a vampire (invisible).

Vanquished Creatures
  Harold (D:10)
  2 two-headed ogres
  The ghost of Ursun the Shield-Bearer, a novice MiFi of Okawaru (D:6)
  Pikel (D:6)
  A troll (D:9)
  4 hippogriffs
  Sigmund (D:2)
  A wyvern (D:10)
  9 yaks
  2 basilisks (D:9)
  Eustachio (D:6)
  A hungry ghost (D:9)
  A water moccasin (D:5)
  Purgy (Sewer)
  4 orc warriors
  3 ice beasts
  2 phantoms
  4 slaves (D:6)
  An eye of draining (D:9)
  A necrophage (D:10)
  7 sky beasts
  4 centaurs
  10 ogres
  A crocodile (D:10)
  3 big kobolds
  5 bullfrogs
  A water moccasin skeleton (D:9)
  5 scorpions
  5 wights (D:10)
  14 killer bees
  A howler monkey (D:9)
  2 bullfrog zombies
  Crazy Yiuf (D:2)
  9 orc priests
  A bullfrog skeleton (D:7)
  5 hounds
  2 jellies
  5 iguanas
  8 orc wizards
  6 worker ants
  12 mummies (Ossuary)
  A worker ant zombie (D:10)
  A howler monkey skeleton (D:7)
  11 adders
  2 shadow imps (D:8)
  3 oozes
  2 adder zombies
  5 worms
  2 adder skeletons (D:5)
  2 dart slugs
  7 leopard geckos
  28 orcs
  9 bats
  10 giant cockroaches
  A gnoll zombie (D:6)
  10 goblins
  9 hobgoblins
  19 jackals
  5 quokkas
  A ball python (D:2)
  8 frilled lizards
  A gnoll skeleton (Ossuary)
  3 goblin skeletons (Ossuary)
  A jackal zombie (D:7)
  28 kobolds
  A kobold skeleton (Ossuary)
  3 orc skeletons (Ossuary)
  8 rats
  11 rat skeletons (Ossuary)
341 creatures vanquished.

Vanquished Creatures (others)
  A kobold (D:7)
1 creature vanquished.

Grand Total: 342 creatures vanquished

Notes
Turn   | Place    | Note
-------+----------+-------------------------------------------
     0 | Abyss:1  | Delanovic the Demonspawn Abyssal Knight began the quest for the Orb.
     0 | Abyss:1  | Reached XP level 1. HP: 18/18 MP: 2/2
    18 | Abyss:1  | Found a corrupted altar of Lugonu.
    25 | Abyss:1  | Noticed an ancient zyme
    36 | Abyss:1  | Noticed a thrashing horror
    40 | Abyss:1  | Noticed an ancient zyme
    49 | Abyss:1  | Noticed a neqoxec
    59 | D:1      | Escaped the Abyss
   355 | D:1      | Gained mutation: Your flesh is heat resistant. (rF+) [demonic ancestry]
   355 | D:1      | Reached XP level 2. HP: 5/24 MP: 3/3
   363 | D:1      | Reached skill level 1 in Dodging
   642 | D:1      | Reached * piety under Lugonu
  1018 | D:1      | Gained mutation: You are partially covered in sharp spines. [demonic ancestry]
  1018 | D:1      | Reached XP level 3. HP: 29/29 MP: 4/4
  1693 | D:2      | Found a shattered altar of Ashenzari.
  1839 | D:2      | Noticed Sigmund
  1877 | D:2      | Killed Sigmund
  1877 | D:2      | Reached skill level 5 in Axes
  1877 | D:2      | Gained mutation: You are immune to clouds of flame. [demonic ancestry]
  1877 | D:2      | Reached XP level 4. HP: 35/35 MP: 5/5
  1877 | D:2      | Gained mutation: You are mostly covered in sharp spines. [demonic ancestry]
  1877 | D:2      | Reached XP level 5. HP: 41/41 MP: 6/6
  2005 | D:2      | Reached ** piety under Lugonu
  2338 | D:2      | Found a runed door.
  2397 | D:2      | Noticed Crazy Yiuf
  2403 | D:2      | Killed Crazy Yiuf
  2403 | D:2      | Gained mutation: You have sharp toenails. [demonic ancestry]
  2403 | D:2      | Reached XP level 6. HP: 29/47 MP: 7/7
  2955 | D:3      | Reached *** piety under Lugonu
  3486 | D:4      | Reached skill level 3 in Invocations
  3641 | D:4      | Reached skill level 1 in Throwing
  3641 | D:4      | Gained mutation: You are partially covered in icy blue scales. (AC +2) [demonic ancestry]
  3641 | D:4      | Reached XP level 7. HP: 43/54 MP: 9/9
  4402 | D:4      | Reached skill level 4 in Invocations
  4452 | D:4      | Found a sacrificial altar of Ru.
  4524 | D:5      | Entered Level 5 of the Dungeon
  4545 | D:5      | Reached XP level 8. HP: 39/61 MP: 11/11
  4700 | D:5      | Found a glowing drain.
  4709 | D:5      | Reached **** piety under Lugonu
  4712 | Sewer    | Entered a sewer
  4738 | Sewer    | Noticed Purgy
  4745 | Sewer    | Killed Purgy
  4842 | D:5      | Found a staircase to the Ecumenical Temple.
  4911 | D:5      | Reached skill level 5 in Fighting
  4911 | D:5      | Reached skill level 5 in Invocations
  5123 | D:5      | Found a blossoming altar of Fedhas.
  5515 | D:5      | Found a stormy altar of Qazlal.
  6030 | D:6      | Found a sand-covered staircase.
  6047 | Ossuary  | Entered an ossuary
  6296 | Ossuary  | Reached skill level 6 in Invocations
  6547 | D:6      | Reached ***** piety under Lugonu
  6568 | D:6      | Noticed Pikel
  6595 | D:6      | Killed Pikel
  6595 | D:6      | Reached XP level 9. HP: 59/69 MP: 13/13
  6674 | D:6      | Noticed Eustachio
  6687 | D:6      | Killed Eustachio
  6858 | D:6      | Noticed Ursun's ghost (novice MiFi)
  6877 | D:6      | Killed Ursun's ghost
  6877 | D:6      | Reached skill level 7 in Invocations
  7127 | D:6      | Reached skill level 5 in Dodging
  7138 | D:6      | Found a sparkling altar of Nemelex Xobeh.
  7863 | D:7      | Found a basalt altar of Yredelemnul.
  7863 | D:7      | Found a deep blue altar of Sif Muna.
  7884 | D:7      | Got a pitted ivory amulet
  7886 | D:7      | Identified the amulet "Wofrucs" {Inacc Str+3} (You found it on level 7 of the Dungeon)
  7938 | D:7      | Reached skill level 5 in Throwing
  8207 | D:7      | Gained mutation: You are mostly covered in icy blue scales. (AC +3) [demonic ancestry]
  8207 | D:7      | Reached XP level 10. HP: 66/77 MP: 15/15
  8216 | D:7      | Reached skill level 8 in Invocations
  8607 | D:8      | Noticed a two-headed ogre
  8617 | D:8      | Killed a two-headed ogre
  9885 | D:9      | Found a staircase to the Orcish Mines.
  9921 | D:9      | Reached skill level 9 in Invocations
 10112 | D:9      | Noticed a two-headed ogre
 10125 | D:9      | HP: 3/80 [two-headed ogre/giant spiked club (21)]
 10134 | D:9      | Killed a two-headed ogre
 10503 | D:9      | Gained mutation: You have razor-sharp toenails. [demonic ancestry]
 10503 | D:9      | Reached XP level 11. HP: 81/86 MP: 18/18
 10562 | D:9      | Found a staircase to the Lair.
 10956 | D:10     | Entered Level 10 of the Dungeon
 11130 | D:10     | Noticed Harold
 11185 | D:10     | Reached skill level 10 in Invocations
 11189 | D:10     | Killed Harold
 11196 | D:10     | Reached ****** piety under Lugonu
 12320 | D:11     | Noticed an eight-headed hydra
 12354 | D:11     | HP: 4/87 [vampire (10)]
 12354 | D:11     | Slain by a 15-headed hydra

Skill      XL: |  1  2  3  4  5  6  7  8  9 10 11 |
---------------+----------------------------------+-----
Axes           | 2 5 6 7 8 9 |  9.1
Armour         | 2 |  2.4
Dodging        | 1 2 3 4 5 6 7 |  7.3
Fighting       | 4 5 6 8 |  8.8
Invocations    | 3 4 6 7 9 10 | 10.4
Throwing       | 1 2 3 5 6 7 |  7.0

Action                   |  1- 3 |  4- 6 |  7- 9 | 10-12 || total
-------------------------+-------+-------+-------+-------++-------
Melee: Hand axe          |   124 |    99 |   307 |       ||   530
       Kick              |       |    15 |   101 |    81 ||   197
       War axe           |       |       |    42 |   293 ||   335
Throw: Javelin           |       |     9 |    31 |    31 ||    71
       Tomahawk          |       |       |     6 |    22 ||    28
       Throwing net      |       |       |     1 |     4 ||     5
Invok: Depart the Abyss  |     1 |       |       |       ||     1
       Bend Space        |       |       |     1 |     8 ||     9
  Use: Potion            |     1 |       |     2 |     7 ||    10
       Scroll            |       |     5 |     6 |     1 ||    12
 Stab: Sleeping          |       |     1 |       |       ||     1
  Eat: Chunk             |     3 |     6 |    11 |    11 ||    31
       Ration            |       |       |     1 |     1 ||     2
Armor: Leather armour    |    28 |    14 |    25 |       ||    67
       Skin              |    11 |       |       |       ||    11
       Scale mail        |       |       |    65 |       ||    65
       Ring mail         |       |       |    20 |   100 ||   120
Dodge: Dodged            |    74 |    51 |   157 |   199 ||   481
Block: Other             |       |       |     9 |    13 ||    22
       Reflection        |       |       |     4 |       ||     4
